 Dungeon Crawl Stone Soup version 0.30-a0-4-ga7cffc901d (webtiles) character file.

Game seed: 16989482503326380032

77 greasedhog the Caller (level 4, -3/27 HPs)
             Began as a Gargoyle Summoner on Aug 20, 2022.
             Killed by nerve-wracking pain
             ... invoked by Grinder
              (5 damage)
             ... on level 3 of the Dungeon.
             The game lasted 00:07:08 (3209 turns).

greasedhog the Caller (Gargoyle Summoner)           Turns: 3209, Time: 00:07:09

Health: -3/27      AC:  7    Str: 10 (11) XL:     4   Next: 33%
Magic:  5/7        EV: 11    Int: 18 (21) God:
Gold:   151        SH:  0    Dex:  6 (9)  Spells: 1/7 levels left

rFire   + . .      SeeInvis .    f - +0 short sword
rCold   . . .      Faith    .    (no shield)
rNeg    + . .      Spirit   .    a - +0 robe
rPois   ∞          Reflect  .    (no helmet)
rElec   +          Harm     .    (no cloak)
rCorr   .          Rampage  .    (no gloves)
Will    .....                    (no boots)
Stlth   +.........               (no amulet)
HPRegen 0.09/turn                q - ring of protection from fire
MPRegen 0.10/turn                (no ring)

@: no status effects
A: sickness immunity, AC +3, negative energy resistance 1, electricity
resistance, torment resistance 1, petrification resistance, iridescent scales 1,
clever 1
a: no special abilities


You were on level 3 of the Dungeon.
You visited 1 branch of the dungeon, and saw 3 of its levels.

You collected 151 gold pieces.

Inventory:

Hand Weapons
 f - a +0 short sword (weapon)
Armour
 a - a +0 robe (worn)
Jewellery
 q - a ring of protection from fire (left hand)
Scrolls
 i - a scroll of enchant armour
 k - a scroll of brand weapon {unknown}
 l - 2 scrolls of blinking {unknown}
 m - a scroll of magic mapping {unknown}
 n - a scroll of acquirement {unknown}
 o - a scroll of fog {unknown}
Potions
 c - a potion of attraction
 d - 2 potions of mutation


   Skills:
 * Level 2.8 Fighting
 - Level 1.5 Dodging
 - Level 2.1 Stealth
 - Level 2.0 Spellcasting
 * Level 4.4 Summonings


You had one spell level left.
You knew the following spells:

 Your Spells              Type           Power      Damage    Failure   Level
a - Summon Small Mammal   Summ           68%        N/A       3%          1
b - Call Imp              Summ           17%        N/A       4%          2
c - Call Canine Familiar  Summ           17%        N/A       9%          3

Your spell library contained the following spells:

 Spells                   Type           Power      Damage    Failure   Level
 Summon Guardian Golem    Hex/Summ       9%         N/A       22%         3
 Ozocubu's Armour         Ice            1%         N/A       47%         3
 Summon Lightning Spire   Summ/Air       9%         N/A       58%         4
 Ozocubu's Refrigeration  Ice            0%         4d7       100%        7


Dungeon Overview and Level Annotations

Branches:
Dungeon (3/15)

Altars:

Annotations:
D:3 Grinder


Innate Abilities, Weirdness & Mutations

You are immune to sickness and miasma.
Your stone body is resilient. (AC +3)
You are immune to poison.
You resist negative energy. (rN+)
You are resistant to electric shocks. (rElec)
You are resistant to unholy torment.
You are immune to petrification.
You are partially covered in iridescent scales. (AC +2)
Your mind is acute. (Int +4, Str/Dex -1)


Message History

Your hound bites Grinder but does no damage.
Grinder blinks!
Grinder is attracted toward you.
It was a potion of haste.
You feel yourself speed up.
Grinder blinks!
Your crimson imp closely misses Grinder.
Your hound bites Grinder but does no damage.
Your hound's attack snaps Grinder out of her fear.
It was a potion of cancellation.
Your magical effects are unravelling.
You feel magically purged.
You feel yourself slow down.
You float gracefully downwards.
Grinder hits you but does no damage.
Your hound closely misses Grinder.
You feel less attractive to monsters.
Casting: Call Canine Familiar (quite dangerous; 9% risk of failure)
Confirm with . or Enter, or press ? or * to list all spells.
Your crimson imp completely misses Grinder.
Your hound barely misses Grinder.
Grinder gestures at you.
You suddenly lose the ability to move!
Your hound barely misses Grinder.
Your crimson imp hits Grinder.
Grinder hits you.
* * * LOW HITPOINT WARNING * * *
You writhe in agony.
* * * LOW HITPOINT WARNING * * *
Your hound bites Grinder.
Your crimson imp hits Grinder.
Your hound bites Grinder but does no damage.
Grinder hits you but does no damage.
Your hound misses Grinder.
Your crimson imp hits Grinder.
Your quokka misses Grinder. Grinder hits you.
* * * LOW HITPOINT WARNING * * *
You writhe in agony.
* * * LOW HITPOINT WARNING * * *
Your hound closely misses Grinder.
You can move again.
Your quokka bites Grinder but does no damage.
Your crimson imp completely misses Grinder.
Your hound barely misses Grinder.
Grinder gestures at you. Pain shoots through your body!
You die...

..# ##..#.#
..#####..#.######
.......#.........
####......#########
#.#.##.##......#
#.#.....'......+
#.####.##..hr..#
#.. ....+..5...+
######.##..5.@.####
...................
########..#########
...............
######.........
#.........
#.........
#.........
#.........


You could see Grinder (ally target), a friendly hound (summoned), a friendly
crimson imp (summoned) and a friendly quokka (summoned).

Vanquished Creatures
  An adder (D:2)
  A worm (D:2)
  A dart slug (D:2)
  6 ball pythons
  5 endoplasms
  4 giant cockroaches
  3 hobgoblins
  3 quokkas
  3 bats
  3 goblins
  4 rats
34 creatures vanquished.

Vanquished Creatures (collateral kills)
  An adder (D:3)
  2 bats
  3 endoplasms
  A giant cockroach (D:2)
  A hobgoblin (D:1)
  A quokka (D:1)
  2 ball pythons
  A frilled lizard (D:1)
  3 kobolds
  A rat (D:2)
16 creatures vanquished.

Grand Total: 50 creatures vanquished

Notes
Turn   | Place    | Note
-------+----------+-------------------------------------------
     0 | D:1      | greasedhog the Gargoyle Summoner began the quest for the
                  | Orb.
     0 | D:1      | Reached XP level 1. HP: 10/10 MP: 3/3
   496 | D:1      | Reached skill level 1 in Fighting
   598 | D:1      | Reached XP level 2. HP: 16/16 MP: 5/5
   619 | D:1      | Learned a level 2 spell: Call Imp
  1232 | D:1      | Found a faded altar of an unknown god.
  1262 | D:1      | Reached skill level 4 in Summonings
  1486 | D:2      | Reached XP level 3. HP: 21/21 MP: 4/6
  2151 | D:2      | Learned a level 3 spell: Call Canine Familiar
  2591 | D:2      | Reached XP level 4. HP: 23/27 MP: 7/7
  3167 | D:3      | Noticed Grinder
  3177 | D:3      | Paralysed by Grinder for 3 turns
  3195 | D:3      | Gained mutation: Your mind is acute. (Int +4, Str/Dex -1)
                  | [potion of mutation]
  3195 | D:3      | Gained mutation: You are partially covered in iridescent
                  | scales. (AC +2) [potion of mutation]
  3205 | D:3      | Paralysed by Grinder for 4 turns
  3209 | D:3      | Killed from afar by Grinder

Illustrated notes

Levels and vault maps discovered:
D:1:      ncdulo_wetmaze, layout_basic, chequers_ecumenical_altar_simple
D:2:      layout_basic, chequers_serial_rivers_micro_e
D:3:      minmay_diamond_boxcup, layout_basic, cheibrodos_sewer_entry_bend,
          uniq_grinder, uniq_jessica

Skill      XL: |  1  2  3 |
---------------+----------+-----
Fighting       | 1 2 |  2.8
Summonings     | 4 |  4.4
Dodging        | |  1.5
Stealth        | |  2.1
Spellcasting   | |  2.0

Action                   |  1- 3 |  4- 6 || total
-------------------------+-------+-------++-------
Melee: Short sword       |   123 |    31 ||   154
       Punch             |     1 |       ||     1
 Cast: Summon Small Mamm |    10 |     2 ||    12
       Call Imp          |    13 |     3 ||    16
       Call Canine Famil |     2 |     3 ||     5
  Use: Scroll            |     2 |     1 ||     3
       Potion            |       |     7 ||     7
 Stab: Sleeping          |     5 |     1 ||     6
Armor: Robe              |    48 |    11 ||    59
Dodge: Dodged            |    91 |    13 ||   104

Table legend: (Time is in decaauts)
 A = Elapsed time spent in this place.
 B = Non-inter-level travel time spent in this place.
 C = Inter-level travel time spent in this place.
 D = Time resting spent in this place.
 E = Time spent auto-exploring this place.
 F = Levels seen in this place.
 G = Mean time per level.
                   A        B        C        D        E       F      G
               +--------+--------+--------+--------+--------+-----+--------+
         Total |   3231 |   3191 |     40 |     11 |   2665 |   3 | 1077.0 |
       Dungeon |   3231 |   3191 |     40 |     11 |   2665 |   3 | 1077.0 |
               +--------+--------+--------+--------+--------+-----+--------+

Top non-repeatable levels by time:
     D:1: 1442 daAuts
     D:2: 1363 daAuts
     D:3: 424 daAuts
